 Dungeon Sprint DCSS version 0.19-a0-1019-g9c6a58d (webtiles) character file.

478 Arkorax the Fighter (level 6, -10/56 HPs)
             Began as a Demonspawn Fighter on July 26, 2016.
             Was a Believer of Qazlal.
             Mangled by a cyclops (23 damage)
             ... in the Dungeon (Sprint IX: "|||||||||||||||||||||||||||||").
             The game lasted 00:01:30 (497 turns).

Arkorax the Fighter (Demonspawn Fighter)             Turns: 497, Time: 00:01:31

Health: -10/56     AC: 16    Str: 18    XL:     6   Next: 85%
Magic:  1/6        EV:  6    Int: 10    God:    Qazlal [**....]
Gold:   0          SH: 13    Dex: 12    Spells: 0 memorised, 5 levels left

rFire  . . .     SeeInvis +     a - +0 trident
rCold  . . .     Gourm    .     o - +1 chain mail
rNeg   . . .     Faith    .     c - +0 shield
rPois  .         Spirit   .     (helmet unavailable)
rElec  .         Dismiss  .     p - +0 cloak
rCorr  .         Reflect  .     (no gloves)
SustAt .         Harm     .     (no boots)
MR     .....     NoTele   +     (no amulet)
Stlth  ..........               q - +2 ring of protection
                                r - +2 ring of protection

@: exhausted, very slightly contaminated, slowed, invisible, very slow, not
resistant to hostile enchantments, extremely unstealthy
A: antennae 3, demonic guardian 1, nightstalker 1
a: Upheaval, Renounce Religion


You were in the Dungeon.
You worshipped Qazlal.
Qazlal was pleased with you.
You were not hungry.

You visited 1 branch

Inventory:

Hand Weapons
 a - a +0 trident (weapon)
 s - a +1 broad axe of draining
Armour
 b - a +0 scale mail
 c - a +0 shield (worn)
 o - a +1 chain mail (worn)
 p - a +0 cloak (worn)
Jewellery
 q - a +2 ring of protection (right hand)
 r - a +2 ring of protection (left hand)
Wands
 n - a wand of iceblast (7/15)
Scrolls
 k - 2 scrolls of blinking
 l - 3 scrolls of remove curse
 m - 2 scrolls of amnesia
Potions
 e - 4 potions of curing
 g - 3 potions of heal wounds
 h - a potion of haste
 i - 4 potions of magic
Comestibles
 f - a bread ration


   Skills:
 + Level 8.0 Fighting
 + Level 7.0 Polearms
 + Level 7.2 Armour
 + Level 7.3 Shields


You had 5 spell levels left.
You didn't know any spells.

Dungeon Overview and Level Annotations

Branches:
Dungeon (1/1)

Altars:
Cheibriados
Dithmenos
Elyvilon
Fedhas
Gozag
Hepliaklqana
Kikubaaqudgha
Makhleb
Nemelex Xobeh
Okawaru
Pakellas
Qazlal
Ru
Sif Muna
Trog
Uskayaw
Vehumet
Xom
Yredelemnul
Zin
The Shining One
Beogh
Jiyva
Lugonu


Innate Abilities, Weirdness & Mutations

You have a pair of large antennae on your head. (SInv)
A weak demonic guardian rushes to your aid.
You are slightly more attuned to the shadows.


Message History

The cyclops is heavily wounded.
The giant frog gives a loud, deep croak!
The cyclops hits you!
* * * LOW HITPOINT WARNING * * *
You puncture the cyclops!
The cyclops is severely wounded.
The giant frog croaks.
You hit the cyclops.
The cyclops is severely wounded.
You are no longer berserk.
You are exhausted.
You feel yourself slow down.
The giant frog gives a loud, deep croak!
The cyclops closely misses you.
You catch the helpless cyclops completely off-guard!
You hit the cyclops.
The cyclops is almost dead.
The giant frog gives a loud, deep croak!
The cyclops hits you!!
You die... {{ { {{ { {{{{{{{{ ▓▓▓▓▓▓▓▓▓▓▓▓▓▓▓▓▓▓▓▓▓▓▓ .|)[....)..(...)@ClGF.+ ▓▓▓▓▓▓▓▓▓▓▓▓▓▓▓▓▓▓▓▓▓▓▓

You could see a cyclops, an eye of draining, a giant frog (wandering) and an iguana.

Vanquished Creatures
  A scorpion (D)
  A hound (D)
  An iguana (D)
  A worker ant (D)
  An adder skeleton (D)
  3 orcs (D)
  A bat skeleton (D)
  3 kobolds (D)
  A bat (D)
  A giant gecko zombie (D)
  A rat (D)
15 creatures vanquished.

Vanquished Creatures (collateral kills)
  A water moccasin (D)
  A giant cockroach (D)
2 creatures vanquished.

Vanquished Creatures (others)
  A centaur warrior (D)
1 creature vanquished.

Grand Total: 18 creatures vanquished

Notes
Turn   | Place    | Note
-------+----------+-------------------------------------------
     0 | D        | Arkorax the Demonspawn Fighter began the quest for the Orb.
     0 | D        | Reached XP level 1. HP: 18/18 MP: 1/1
    86 | D        | Noticed a worker ant
    86 | D        | Noticed a scorpion
    97 | D        | Killed a worker ant
    97 | D        | Reached skill level 4 in Fighting
    97 | D        | Gained mutation: You are slightly more attuned to the shadows. [demonic ancestry]
    97 | D        | Reached XP level 2. HP: 11/25 MP: 2/2
    97 | D        | Gained mutation: A weak demonic guardian rushes to your aid. [demonic ancestry]
    97 | D        | Reached XP level 3. HP: 13/30 MP: 3/3
   107 | D        | Killed a scorpion
   107 | D        | Reached skill level 5 in Fighting
   107 | D        | Gained mutation: You have a pair of small antennae on your head. [demonic ancestry]
   107 | D        | Reached XP level 4. HP: 19/39 MP: 4/4
   360 | D        | Found a glowing silver altar of Zin.
   360 | D        | Found a glowing golden altar of the Shining One.
   360 | D        | Found an ancient bone altar of Kikubaaqudgha.
   360 | D        | Found a basalt altar of Yredelemnul.
   360 | D        | Found a shimmering altar of Xom.
   361 | D        | Found a radiant altar of Vehumet.
   362 | D        | Found an iron altar of Okawaru.
   363 | D        | Found a burning altar of Makhleb.
   364 | D        | Found a deep blue altar of Sif Muna.
   365 | D        | Found a bloodstained altar of Trog.
   366 | D        | Found a sparkling altar of Nemelex Xobeh.
   367 | D        | Found a white marble altar of Elyvilon.
   368 | D        | Found a roughly hewn altar of Beogh.
   369 | D        | Found a viscous altar of Jiyva.
   370 | D        | Found a corrupted altar of Lugonu.
   371 | D        | Found a blossoming altar of Fedhas.
   372 | D        | Found a snail-covered altar of Cheibriados.
   373 | D        | Found a shadowy altar of Dithmenos.
   374 | D        | Found a stormy altar of Qazlal.
   375 | D        | Found an opulent altar of Gozag.
   376 | D        | Found a sacrificial altar of Ru.
   377 | D        | Found an oddly glowing altar of Pakellas.
   378 | D        | Found a hide-covered altar of Uskayaw.
   379 | D        | Found a hazy altar of Hepliaklqana.
   387 | D        | Became a worshipper of Qazlal Stormbringer
   446 | D        | Noticed a water moccasin
   447 | D        | Reached skill level 5 in Armour
   447 | D        | Reached skill level 5 in Shields
   454 | D        | Reached * piety under Qazlal
   459 | D        | Gained mutation: You have a pair of antennae on your head. [demonic ancestry]
   459 | D        | Reached XP level 5. HP: 43/46 MP: 5/5
   472 | D        | Killed a water moccasin
   472 | D        | Reached ** piety under Qazlal
   472 | D        | Reached skill level 6 in Fighting
   472 | D        | Reached skill level 5 in Polearms
   482 | D        | Noticed a centaur warrior
   482 | D        | Noticed a cyclops
   482 | D        | Noticed an eye of draining
   490 | D        | Killed a centaur warrior
   490 | D        | Reached skill level 8 in Fighting
   490 | D        | Gained mutation: You have a pair of large antennae on your head. (SInv) [demonic ancestry]
   490 | D        | Reached XP level 6. HP: 29/56 MP: 0/6
   497 | D        | Mangled by a cyclops

Vault maps used:
D:        linesprint

Skill      XL: |  1  2  3  4  5 |
---------------+----------------+-----
Polearms       | 3 4 7 |  7.0
Shields        | 3 4 5 7 |  7.3
Armour         | 3 4 5 7 |  7.2
Fighting       | 4 5 8 |  8.0

Action                   |  1- 3 |  4- 6 || total
-------------------------+-------+-------++-------
Melee: Trident           |    28 |    38 ||    66
  Use: Potion            |     1 |     3 ||     4
 Stab: Invisible         |       |     3 ||     3
Armor: Scale mail        |    16 |       ||    16
       Chain mail        |       |    13 ||    13
Dodge: Dodged            |     5 |    12 ||    17
Block: Shield            |     7 |    13 ||    20
